 Dungeon Crawl Stone Soup version 0.18-a0-1203-gbde16db (webtiles) character file.

19661 abixa the Cleaver (level 12, -13/110 HPs)
             Began as a Hill Orc Gladiator on Feb 1, 2016.
             Was a High Priest of Pakellas.
             Killed from afar by an ice statue (23 damage)
             ... with a bolt of cold
             ... in an ice cave.
             The game lasted 01:20:43 (19912 turns).

abixa the Cleaver (Hill Orc Gladiator)             Turns: 19912, Time: 01:20:43

Health: -13/110    AC: 17    Str: 19    XL:     12   Next: 71%
Magic:  20/20      EV: 10    Int:  8    God:    Pakellas [*****.]
Gold:   1691       SH:  0    Dex: 15    Spells: 0 memorised, 11 levels left

rFire  . . .     SeeInvis .     b - +0 rod of inaccuracy (10/14)
rCold  . . .     Gourm    .     y - +1 chain mail {MR+}
rNeg   . . .     Faith    .     (no shield)
rPois  .         Spirit   .     u - +0 helmet
rElec  .         Dismiss  +     (no cloak)
rCorr  .         Reflect  .     R - +0 pair of gloves
SustAt .         Harm     .     o - +0 pair of boots
MR     +....                    U - amulet of dismissal
Stlth  ..........               (no ring)
                                (no ring)

@: confused, slowed, very slow, somewhat resistant to hostile enchantments,
extremely unstealthy
A: no striking features
a: Quick Charge, Device Surge, Renounce Religion


You were in an ice cave.
You worshipped Pakellas.
Pakellas was extremely pleased with you.
You were hungry.

You visited 4 branches of the dungeon, and saw 15 of its levels.
You also visited: Ossuary and Ice Cave.

You collected 1758 gold pieces.
You spent 67 gold pieces at shops.

Inventory:

Hand Weapons
 a - a +0 war axe
 p - a +4 blowgun
Missiles
 d - a throwing net (quivered)
 e - 9 curare-tipped needles
 l - 25 tomahawks
 n - 5 needles of sleeping
 t - 64 poisoned needles
Armour
 o - a +0 pair of boots (worn)
 u - a +0 helmet (worn)
 y - a +1 chain mail of magic resistance (worn)
 R - a +0 pair of gloves (worn)
Rods
 b - a +0 rod of inaccuracy (10/14) (weapon)
   (You found it on level 4 of the Dungeon)
 c - a +2 rod of inaccuracy (4/11)
   (Pakellas gifted it to you on level 1 of the Lair of Beasts)
Jewellery
 U - an amulet of dismissal (around neck)
Wands
 v - a wand of draining (11/15)
 S - a wand of lightning (0/15)
 W - a wand of draining (2/15)
Scrolls
 h - a scroll of blinking {unknown}
 i - a scroll of summoning {unknown}
 m - 3 scrolls of magic mapping
 r - 3 scrolls of remove curse
 s - 3 scrolls of teleportation
 z - a scroll of random uselessness {unknown}
 B - 4 scrolls of recharging {unknown}
 E - 2 scrolls of fog {unknown}
 T - 2 scrolls of brand weapon {unknown}
 V - 2 scrolls of enchant armour {unknown}
Potions
 g - 2 potions of resistance {unknown}
 j - a potion of cure mutation
 k - a potion of ambrosia
 q - 5 potions of might
 w - 2 potions of curing {unknown}
 J - 2 potions of agility {unknown}
Miscellaneous
 Y - a phantom mirror
Comestibles
 f - 6 bread rations


   Skills:
 + Level 11.5 Fighting
 + Level 13.3 Axes
 - Level 1.7 Throwing
 + Level 10.1 Armour
 + Level 4.4 Dodging
 * Level 11.4 Evocations


You had 11 spell levels left.
You didn't know any spells.

Dungeon Overview and Level Annotations

Branches:
Dungeon (9/15)             Temple (1/1) D:6            Lair (3/8) D:9
 Shoals (0/4) Lair:3       Spider (0/4) Lair:3          Orc (2/2) D:9
    Elf (0/3) Orc:2

Altars:
Ashenzari
Cheibriados
Dithmenos
Elyvilon
Fedhas
Gozag
Kikubaaqudgha
Makhleb
Nemelex Xobeh
Okawaru
Pakellas
Qazlal
Ru
Sif Muna
Trog
Vehumet
Xom
Yredelemnul
Zin
The Shining One
Beogh

Shops:
D:8 !   D:9 ?

Annotations:
D:1 dig for wand
Lair:1 fly, 1 exclusion
Orc:2 PeterLawrence's ghost, adept MiFi IceCv exclusion: ice statue


Message History

* * * LOW HITPOINT WARNING * * *
The ogre simulacrum hits you but does no damage.
The freezing wraith hits you.
* * * LOW HITPOINT WARNING * * *
The freezing wraith freezes you!
* * * LOW HITPOINT WARNING * * *
The freezing wraith barely misses you.
The freezing wraith hits you but does no damage. x2
You're too confused!
Unknown command.
Drink which item? (? for menu, Esc to quit)
You are more confused.
You feel more invigorated.
Your surroundings suddenly seem different.
A troll simulacrum comes into view.
Wield which item (- for none, * to show all)? (? for menu, Esc to quit)
b - a +0 rod of inaccuracy (10/14) (weapon)
The ice statue throws cold at you. The bolt of cold hits you!
You die... ##..# #..##.# #..## #..#...## ##.## ###..#....#5 ##..# ##.###. #..W5 #..## #....### #.WWZ

##..##......
##85Z
##.##....#
#5Z.
#..#....#
#Z5Z
##.Z@...#
#...
#....8.#
#8..
##.....#
##..
###....#
#.....
##...# ..##
##


You could see an ice statue and a troll simulacrum.

Vanquished Creatures
  An orc warlord (Orc:2)
  A fire dragon (Lair:1)
  An orc high priest (Orc:2)
  Sonja (Lair:2)
  Pikel (D:9)
  4 elephants (Lair:2)
  An orc sorcerer (D:9)
  3 spiny frogs (Lair:1)
  A komodo dragon (Lair:2)
  Grinder (D:5)
  Prince Ribbit (D:8)
  5 freezing wraiths (IceCv)
  3 blink frogs
  A wraith (D:5)
  12 yaks
  Eustachio (D:4)
  4 hippogriffs
  A hungry ghost (D:9)
  A death yak simulacrum (IceCv)
  5 wargs
  5 porcupines
  6 water moccasins
  Duvessa (D:4)
  14 ice beasts
  11 orc warriors
  A phantom (D:6)
  4 sky beasts
  A wasp (D:8)
  A necrophage (D:5)
  6 ogres
  A centaur (D:8)
  A crocodile (Lair:1)
  3 big kobolds (D:8)
  7 giant frogs
  Dowan (D:4)
  A scorpion (D:8)
  4 killer bees
  An elephant simulacrum (IceCv)
  3 electric eels (Lair:2)
  A crimson imp (D:9)
  A centaur skeleton (D:8)
  3 jellies
  A draconian simulacrum (IceCv)
  A gnoll shaman (Orc:1)
  6 orc priests
  3 hounds
  16 orc wizards
  4 iguanas
  6 worker ants
  A polar bear simulacrum (IceCv)
  A spriggan simulacrum (IceCv)
  A wolf simulacrum (IceCv)
  4 hound zombies
  9 mummies
  A worker ant zombie (D:8)
  A naga simulacrum (IceCv)
  5 ogre simulacra (IceCv)
  9 adders
  2 shadow imps
  5 white imps (IceCv)
  3 oozes (D:1)
  2 worms
  7 giant geckos
  50 orcs
  6 bats
  A bat zombie (D:5)
  2 giant cockroaches
  2 gnoll zombies (Ossuary)
  10 goblins
  9 hobgoblins
  26 jackals
  7 quokkas
  2 ball pythons
  A giant gecko zombie (D:5)
  10 giant newts
  3 hobgoblin zombies (Ossuary)
  A jackal skeleton (D:5)
  24 kobolds
  3 kobold zombies (Ossuary)
  7 rats
  A rat zombie (D:5)
379 creatures vanquished.

Vanquished Creatures (others)
  A hound (D:9)
  3 slaves (D:9)
  A necrophage (D:9)
  A phantom (D:9)
  3 orcs (D:9)
  A goblin (D:9)
  4 fungi
14 creatures vanquished.

Grand Total: 393 creatures vanquished

Notes
Turn   | Place    | Note
--------------------------------------------------------------
     0 | D:1      | abixa the Hill Orc Gladiator began the quest for the Orb.
     0 | D:1      | Reached XP level 1. HP: 18/18 MP: 1/1
    31 | D:1      | Reached XP level 2. HP: 13/25 MP: 2/2
   637 | D:1      | Reached XP level 3. HP: 20/31 MP: 3/3
  1177 | D:2      | Found a glowing golden altar of the Shining One.
  1504 | D:2      | Reached XP level 4. HP: 41/41 MP: 4/4
  2158 | D:3      | Found a snail-covered altar of Cheibriados.
  2202 | D:3      | Reached skill level 5 in Fighting
  2327 | D:3      | Reached skill level 1 in Armour
  2327 | D:3      | Reached XP level 5. HP: 34/48 MP: 5/5
  3110 | D:4      | Identified a cursed +0 rod of inaccuracy (14/14) (You found it on level 4 of the Dungeon)
  3180 | D:4      | Noticed a phantom
  3332 | D:4      | Noticed Duvessa
  3332 | D:4      | Noticed Dowan
  3904 | D:4      | Reached skill level 6 in Fighting
  3904 | D:4      | Reached XP level 6. HP: 37/57 MP: 6/6
  4121 | D:4      | Reached skill level 1 in Evocations
  4219 | D:4      | Noticed Eustachio
  4559 | D:4      | Killed Dowan
  4949 | D:4      | Killed Duvessa
  4949 | D:4      | Reached XP level 7. HP: 54/64 MP: 8/8
  5410 | D:4      | Killed Eustachio
  5590 | D:5      | Entered Level 5 of the Dungeon
  5637 | D:5      | Noticed Grinder
  5730 | D:5      | Reached skill level 5 in Axes
  5775 | D:5      | Found a sand-covered staircase.
  5955 | Ossuary  | Entered an ossuary
  6139 | Ossuary  | Reached XP level 8. HP: 26/71 MP: 10/10
  6738 | D:5      | Killed Grinder
  6738 | D:5      | Reached skill level 7 in Axes
  6901 | D:5      | Reached skill level 5 in Evocations
  7121 | D:5      | Found an ancient bone altar of Kikubaaqudgha.
  7194 | D:5      | Reached skill level 8 in Axes
  7477 | D:6      | Found a staircase to the Ecumenical Temple.
  7489 | Temple   | Entered the Ecumenical Temple
  7592 | Temple   | Became a worshipper of Pakellas the Inventive
  7781 | D:6      | Noticed a wraith
  7852 | D:5      | HP: 3/71 [wraith (1)]
  7853 | D:5      | Killed a wraith
  8269 | D:6      | Reached XP level 9. HP: 50/78 MP: 13/13
  8687 | D:6      | Reached skill level 9 in Axes
  9003 | D:6      | Found a bloodstained altar of Trog.
  9802 | D:8      | Found Waunk's Distillery.
  9808 | D:8      | Reached skill level 5 in Armour
  9814 | D:8      | Bought a potion of poison for 13 gold pieces
 10159 | D:8      | Noticed Prince Ribbit
 10223 | D:8      | Killed Prince Ribbit
 10429 | D:8      | Reached skill level 10 in Axes
 10465 | D:8      | Reached * piety under Pakellas
 10694 | D:8      | Reached ** piety under Pakellas
 10694 | D:8      | Received a gift from Pakellas
 11095 | D:8      | Reached XP level 10. HP: 53/89 MP: 15/15
 11870 | D:9      | Found a staircase to the Lair.
 12131 | D:9      | Noticed Pikel
 12193 | D:8      | Reached *** piety under Pakellas
 12280 | D:9      | Killed Pikel
 12391 | D:9      | Reached skill level 11 in Axes
 12397 | D:9      | Found a staircase to the Orcish Mines.
 12656 | D:9      | Found Tihuveza's Magic Scroll Shop.
 12663 | D:9      | Bought a scroll of noise for 12 gold pieces
 12663 | D:9      | Bought a scroll of magic mapping for 42 gold pieces
 12952 | Lair:1   | Entered Level 1 of the Lair of Beasts
 13056 | Lair:1   | Noticed a spiny frog
 13061 | Lair:1   | Killed a spiny frog
 13119 | Lair:1   | Noticed a fire dragon
 13289 | Lair:1   | Noticed a spiny frog
 13296 | Lair:1   | Killed a spiny frog
 13550 | Lair:1   | Reached **** piety under Pakellas
 13550 | Lair:1   | Received a gift from Pakellas
 13550 | Lair:1   | Reached XP level 11. HP: 76/99 MP: 10/17
 13557 | Lair:1   | Reached skill level 10 in Fighting
 14290 | Lair:1   | Killed a fire dragon
 14290 | Lair:1   | Reached skill level 12 in Axes
 14699 | Lair:1   | Identified a +2 rod of inaccuracy (11/11) (Pakellas gifted it to you on level 1 of the Lair of Beasts)
 14801 | Lair:2   | Noticed Sonja
 14808 | Lair:2   | Killed Sonja
 15332 | Orc:1    | Entered Level 1 of the Orcish Mines
 15369 | Orc:1    | Noticed an orc sorcerer
 15369 | Orc:1    | Paralysed by an orc sorcerer for 5 turns
 15371 | Orc:1    | Noticed an orc sorcerer
 15373 | Orc:1    | Noticed a sixfirhy
 15503 | Orc:1    | Paralysed by an orc sorcerer for 7 turns
 15523 | D:9      | Killed an orc sorcerer
 15683 | Orc:2    | Entered Level 2 of the Orcish Mines
 15687 | Orc:2    | Found a staircase to the Elven Halls.
 15699 | Orc:2    | Reached ***** piety under Pakellas
 16175 | Orc:2    | Reached skill level 10 in Evocations
 16242 | Orc:2    | Noticed an orc warlord
 16268 | Orc:2    | Found a roughly hewn altar of Beogh.
 16294 | Orc:2    | Killed an orc warlord
 16919 | Orc:2    | Noticed an orc high priest
 16986 | Orc:2    | Reached XP level 12. HP: 94/108 MP: 19/19
 17310 | Orc:2    | Killed an orc high priest
 17359 | Orc:2    | Noticed PeterLawrence's ghost (adept MiFi)
 18050 | Lair:2   | Reached skill level 13 in Axes
 18556 | Lair:3   | Found a frozen archway.
 18597 | Lair:3   | HP: 5/110 [ice beast (7)]
 18603 | Lair:3   | HP: 2/110 [poisoned by a water moccasin]
 18608 | Lair:3   | HP: 2/110 [poisoned by a water moccasin]
 18615 | Lair:2   | HP: 2/110 [poisoned by a water moccasin]
 18623 | Lair:2   | HP: 2/110 [poisoned by a water moccasin]
 19056 | IceCv    | Entered an ice cave
 19235 | IceCv    | Reached skill level 10 in Armour
 19907 | IceCv    | Found an ancient bone altar of Kikubaaqudgha.
 19910 | IceCv    | HP: 1/110 [freezing wraith (13)]
 19912 | IceCv    | Killed from afar by an ice statue

Vault maps used:
D:1:      scummos_arrival_star, fountainhead, minmay_surrounded
D:2:      lemuel_crystal_altar, first_bread, minmay_misc_feat_hallway,
          grunt_decor_one_mirror
D:3:      old_standard_altar
D:4:      uniq_duvessa, uniq_eustachio
D:5:      lemuel_zombie_altar_kikubaaqudgha, gup_ossuary_entry_pyramid,
          uniq_grinder
D:6:      kennysheep_little_box, minmay_temple_entry_trees, minivault_5
D:8:      serial_shops, shop, uniq_prince_ribbit1
D:9:      erik_lair_orcish_takeover, erik_orc_3, serial_shops, shop_fountains,
          uniq_pikel
Temple:   nicolae_temple_elliptical
Lair:1:   dragon1_lemuel, serial_bayou_pond_a, st_stairs_12
Lair:2:   uniq_sonja
Lair:3:   shoals_dummy_entry, nicolae_spider_entry_tight_spaces,
          portal_ice_cave_entry_ice_beasts, uniq_harold
Orc:2:    st_orc_elflike, basic_altar
Ossuary:  ossuary_tomb_3
IceCv:    ice_cave_small_necro

Action                   |  1- 3 |  4- 6 |  7- 9 | 10-12 || total
-------------------------+-------+-------+-------+-------++-------
Melee: War axe           |    13 |       |   366 |   509 ||   888
       Dagger            |   103 |   224 |    53 |       ||   380
       Rod               |       |    45 |       |       ||    45
       Battleaxe         |       |       |       |    15 ||    15
 Fire: Blowgun           |       |       |     6 |    59 ||    65
Throw: Stone             |       |    19 |    31 |       ||    50
       Tomahawk          |       |       |     3 |     4 ||     7
       Throwing net      |       |       |       |     2 ||     2
Invok: Quick Charge      |       |       |       |     2 ||     2
Evoke: Rod               |       |    17 |    30 |   104 ||   151
       Wand              |       |       |     9 |    16 ||    25
  Use: Scroll            |       |     5 |     4 |    11 ||    20
       Potion            |       |       |       |     6 ||     6
 Stab: Sleeping          |     2 |     1 |       |       ||     3
  Eat: Chunk             |     2 |    13 |    18 |    29 ||    62
       Meat ration       |       |       |     1 |       ||     1
       Bread ration      |       |       |       |     1 ||     1
